 Dungeon Crawl Stone Soup version 0.21.1-1-g345015f (webtiles) character file.

52897 Monsterracer the Cleaver (level 14, -35/91 HPs)
             Began as a Gargoyle Fighter on June 12, 2018.
             Was the Champion of the Shining One.
             Annihilated by an ettin
             ... wielding a +0 dire flail
              (36 damage)
             ... on level 15 of the Dungeon on June 13, 2018.
             The game lasted 00:34:22 (15650 turns).

Monsterracer the Cleaver (Gargoyle Fighter)        Turns: 15650, Time: 00:34:23

Health: -35/91     AC: 37    Str: 21    XL:     14   Next: 66%
Magic:  28/28      EV:  7    Int:  9    God:    the Shining One [******]
Gold:   908        SH: 18    Dex: 13    Spells: 13/13 levels left

rFire    . . .     SeeInvis .   a - +1 war axe
rCold    + . .     Gourm    .   t - +0 large shield
rNeg     + + +     Faith    .   q - +3 chain mail {rC+}
rPois    ∞         Spirit   .   F - +2 helmet
rElec    +         Reflect  .   B - +2 cloak {+Inv}
rCorr    +         Harm     .   y - +2 pair of gloves
MR       +....                  K - +0 pair of boots
Stlth    ..........             m - amulet of regeneration
HPRegen  0.65/turn              H - ring of magical power
MPRegen  0.21/turn              D - ring of resist corrosion

@: flying, glowing
A: big wings, low mp 1, negative energy resistance 1, electricity resistance,
unbreathing, petrification resistance, rot immunity, AC +10
a: Stop Flying, Divine Shield, Cleansing Flame, Summon Divine Warrior, Brand
Weapon With Holy Wrath, Renounce Religion, Evoke Invisibility


You were on level 15 of the Dungeon.
You worshipped the Shining One.
The Shining One was exalted by your worship.
You were hungry.

You visited 3 branches of the dungeon, and saw 17 of its levels.
You also visited: Labyrinth and Sewer.

You collected 1011 gold pieces.
You spent 103 gold pieces at shops.

Inventory:

Hand Weapons
 a - a +1 war axe (weapon)
 b - a +2 flail of protection
Armour
 q - a +3 chain mail of cold resistance (worn)
 t - a +0 large shield (worn)
 y - a +2 pair of gloves (worn)
 B - a +2 cloak of invisibility (worn)
 F - a +2 helmet (worn)
 K - a +0 pair of boots (worn)
Jewellery
 k - an uncursed ring of protection from cold {!d}
 m - an amulet of regeneration (around neck)
 D - a ring of resist corrosion (right hand)
 H - a ring of magical power (left hand)
Wands
 n - a wand of iceblast (9)
 v - a wand of paralysis (28)
 w - a wand of flame (24)
 C - a wand of acid (13)
 I - a wand of digging (21)
Scrolls
 e - 4 scrolls of identify
 f - 2 scrolls of fog
 h - 5 scrolls of enchant weapon
 i - 2 scrolls of magic mapping {!r}
 j - 3 scrolls of teleportation
 u - 3 scrolls of blinking
 G - 2 scrolls of remove curse
Potions
 d - 2 potions of might
 g - 5 potions of agility
 l - 2 potions of heal wounds
 p - 2 potions of mutation {!q}
 s - 6 potions of ambrosia {!q}
 x - 3 potions of cancellation
 z - a potion of magic
 A - 2 potions of haste
 E - 11 potions of curing
 J - a potion of berserk rage {!q}
Comestibles
 c - 20 rations


   Skills:
 + Level 11.8 Fighting
 * Level 13.4 Axes
 + Level 11.7 Armour
 - Level 2.8 Dodging
 + Level 11.7 Shields
 + Level 10.4 Invocations


You had 13 spell levels left.
You didn't know any spells.

Dungeon Overview and Level Annotations

Branches:
Dungeon (15/15)            Temple (1/1) D:5            Lair (0/6) D:8
    Orc (0/2) D:12         Vaults (0/5) D:14         Depths (1/5) D:15

Altars:
Ashenzari
Cheibriados
Dithmenos
Elyvilon
Fedhas
Gozag
Hepliaklqana
Kikubaaqudgha
Makhleb
Nemelex Xobeh
Okawaru
Qazlal
Ru
Sif Muna
Trog
Uskayaw
Vehumet
Wu Jian
Xom
Yredelemnul
Zin
The Shining One

Shops:
D:15 [

Annotations:
D:12 nicolaieve's ghost, journeyman MiBe
D:15 exclusion: Roxanne, Roxanne


Innate Abilities, Weirdness & Mutations

You are resistant to torment.
Your stone body is resilient. (AC +10)
You are immune to poison.
Your large and strong wings let you fly indefinitely.
You resist negative energy. (rN+)
You are resistant to electric shocks. (rElec)
You can survive without breathing.
You are immune to petrification.
You are immune to rotting.
Your magical capacity is low. (-10% MP)


Message History

You hit the withered plant. You block the ettin's attack.
The ettin hits you with a dire flail of protection!
You take 17 damage, and have 74/91 hp.
You hit the ettin but do no damage.
The ettin is lightly wounded.
You hit the withered plant. The ettin hits you with a dire flail!!
* * * LOW HITPOINT WARNING * * *
You block the ettin's attack.
You take 31 damage, and have 43/91 hp.
MASSIVE DAMAGE!!
You hit the ettin but do no damage.
The ettin is lightly wounded.
You hit the withered plant. You block the ettin's attack. x2
You completely miss the ettin.
The ettin is lightly wounded.
You hit the withered plant. You hit the ettin.
The ettin is lightly wounded.
You hit the withered plant but do no damage.
The ettin hits you with a dire flail!
* * * LOW HITPOINT WARNING * * *
The ettin barely misses you.
You take 9 damage, and have 35/91 hp.
Unknown command.
What are your orders? t - Shout!
Orders for allies: a - Attack new target. r - Retreat! s - Stop attacking. g - Guard the area. f - Follow me.
Anything else - Cancel.
Okay, then.
Okay, then.
You slash the ettin!
The ettin is moderately wounded.
You block the ettin's attack. The ettin hits you but does no damage.
You hit the ettin.
The ettin is moderately wounded.
You block the ettin's attack. x2
You hit the ettin but do no damage.
The ettin is moderately wounded.
You block the ettin's attack. The ettin barely misses you.
You hit the ettin.
The ettin is moderately wounded.
The ettin hits you but does no damage. The ettin barely misses you.
You slice the ettin!!
The ettin is severely wounded.
You hit the ettin but do no damage.
The ettin is severely wounded.
You block the ettin's attack. The ettin hits you but does no damage.
You hit the ettin but do no damage.
The ettin is severely wounded.
The ettin hits you but does no damage. You block the ettin's attack.
You hit the ettin but do no damage.
The ettin is severely wounded.
You block the ettin's attack. The ettin hits you but does no damage.
Unknown command.
You hit the ettin but do no damage.
The ettin is severely wounded.
You block the ettin's attack. The ettin hits you but does no damage.
You hit the ettin but do no damage.
The ettin is severely wounded.
The ettin hits you with a dire flail!
* * * LOW HITPOINT WARNING * * *
The ettin hits you with a dire flail of protection!
* * * LOW HITPOINT WARNING * * *
You take 20 damage, and have 25/91 hp.
MASSIVE DAMAGE!!
You completely miss the ettin.
The ettin is severely wounded.
You block the ettin's attack. The ettin hits you but does no damage.
Unknown command.
You hit the ettin.
The ettin is severely wounded.
You hit the ettin.
The ettin is severely wounded.
The ettin hits you with a dire flail.
* * * LOW HITPOINT WARNING * * *
The ettin hits you with a dire flail of protection.
* * * LOW HITPOINT WARNING * * *
You take 6 damage, and have 21/91 hp.
Unknown command.
You slash the ettin!
The ettin is almost dead.
The ettin hits you with a dire flail!
* * * LOW HITPOINT WARNING * * *
You block the ettin's attack.
You take 11 damage, and have 10/91 hp.
Unknown command.
Unknown command.
You hit the ettin but do no damage.
The ettin is almost dead.
The ettin barely misses you. The ettin hits you but does no damage.
Throwing (i - inventory):
r - a throwing net (quivered)
Press: ? - help, Shift-Dir - straight line, f - ettin
Aim: an ettin, wielding a dire flail and a dire flail of protection (almost dead, haloed, immune to nets)
You throw a throwing net. The throwing net hits the ettin.
The ettin is too large for the net to hold!
The ettin is almost dead.
The ettin hits you with a dire flail!
* * * LOW HITPOINT WARNING * * *
The ettin hits you with a dire flail of protection!!!
You die...

.....#######..# ##.........##
..............# #...........###
...........÷..###.............##
...............#.#..P.8.....8..##
................##..P.....8P88..#
................##.......8...8...
......)........###...(.8....P....
...............###...8.P..8PP...#
#...............@C..............#
#............####..8..8P>.......#
............## ##.............##
...........## #...........P8#
...........# #####..P...P..8.P8#
#...^......###.............8...#
#####.........................##
###.....................P##
##................#..#####


You could see an ettin.

Vanquished Creatures
  Rupert (D:13)
  A minotaur (Lab)
  Josephine (D:14)
  The ghost of masayah the Cleaver, a journeyman MiFi of the Shining One (D:11)
  8 vault guards (D:13)
  6 hydras
  A centaur warrior (D:14)
  6 two-headed ogres
  A vampire mage (D:15)
  Sonja (D:13)
  2 skeletal warriors (D:14)
  An unseen horror (D:11)
  A necromancer (D:15)
  8 ugly things
  A wolf spider zombie (D:12)
  A tengu skeleton (D:15)
  A deep elf mage (D:15)
  A frost giant zombie (D:15)
  2 cyclopes
  The ghost of Kagorn the Ruffian, a novice TrMo of Wu Jian (D:8)
  4 manticores
  Maurice (D:8)
  Joseph (D:10)
  A gargoyle (D:13)
  A yaktaur zombie (D:15)
  A kobold demonologist (D:11)
  An efreet (D:15)
  A freezing wraith (D:15)
  2 rime drakes (D:15)
  A tengu conjurer (Depths:1)
  6 trolls
  4 hornets
  Grinder (D:6)
  A dream sheep (shapeshifter) (D:13)
  11 hippogriffs
  6 slime creatures
  A deep troll zombie (D:15)
  2 redbacks (Lab)
  A shadow (D:14)
  7 wyverns
  A vampire (D:9)
  2 water elementals
  15 yaks
  3 wraiths (D:11)
  2 basilisks (D:15)
  A hungry ghost (D:7)
  Edmund (D:4)
  3 hell hounds (D:15)
  A hornet zombie (D:14)
  3 ice beasts
  Purgy (Sewer)
  A necrophage (D:7)
  10 orc warriors
  5 sky beasts
  4 black bears
  6 ogres
  The ghost of Kagorn the Skirmisher, an amateur CeBe of Trog (D:4)
  4 phantoms
  7 centaurs
  Blork the orc (D:4)
  6 big kobolds
  15 bullfrogs
  4 gnoll sergeants (D:12)
  A wyvern skeleton (D:14)
  9 scorpions
  10 wights
  2 howler monkeys
  7 electric eels
  4 crimson imps
  4 lava snakes (Lab)
  A bullfrog zombie (D:13)
  7 jellies
  4 centaur zombies
  A bullfrog skeleton (D:13)
  9 orc priests
  7 hounds
  A gnoll shaman (D:7)
  9 iguanas
  15 worker ants
  7 orc wizards
  A hound zombie (D:7)
  A mummy (D:5)
  A worker ant zombie (D:5)
  6 gnolls
  15 adders
  5 shadow imps
  7 oozes
  5 adder skeletons
  3 worms
  The ghost of Iko the Skirmisher, a weakling GrCK of Xom (D:3)
  3 dart slugs
  11 leopard geckos
  44 orcs
  A ball python (D:3)
  3 bats
  9 giant cockroaches
  6 goblins
  9 hobgoblins
  20 jackals
  3 quokkas
  3 frilled lizards
  A jackal skeleton (D:7)
  26 kobolds
  3 quokka skeletons
  3 rats (D:3)
485 creatures vanquished.

Notes
Turn   | Place    | Note
-------+----------+-------------------------------------------
     0 | D:1      | Monsterracer the Gargoyle Fighter began the quest for the Orb.
     0 | D:1      | Reached XP level 1. HP: 14/14 MP: 1/1
    57 | D:1      | Reached skill level 2 in Axes
   143 | D:1      | Reached XP level 2. HP: 17/19 MP: 2/2
   284 | D:1      | Found an iron altar of Okawaru.
   612 | D:2      | Reached XP level 3. HP: 19/23 MP: 3/3
   671 | D:2      | Found a hazy altar of Hepliaklqana.
  1131 | D:2      | Found an iron altar of Okawaru.
  1132 | D:2      | Found a deep blue altar of Sif Muna.
  1353 | D:3      | Noticed Iko's ghost (weakling GrCK)
  1359 | D:3      | Killed Iko's ghost
  1359 | D:3      | Reached XP level 4. HP: 29/29 MP: 4/4
  1590 | D:3      | Reached skill level 3 in Axes
  1655 | D:3      | Reached XP level 5. HP: 33/33 MP: 5/5
  1714 | D:3      | Found a glowing drain.
  1737 | Sewer    | Entered a sewer
  1803 | Sewer    | Noticed Purgy
  1841 | Sewer    | HP: 16/33 [Purgy (4)]
  1842 | Sewer    | Killed Purgy
  1842 | Sewer    | Reached XP level 6. HP: 19/39 MP: 6/6
  2175 | D:3      | Reached skill level 4 in Axes
  2432 | D:4      | Identified a scroll of acquirement
  2471 | D:4      | Noticed Blork the orc
  2478 | D:4      | Killed Blork the orc
  2478 | D:4      | Reached XP level 7. HP: 38/44 MP: 7/7
  2654 | D:4      | Reached skill level 5 in Shields
  2694 | D:4      | Reached skill level 5 in Fighting
  2694 | D:4      | Reached skill level 5 in Armour
  2736 | D:4      | Noticed Kagorn's ghost (amateur CeBe)
  2740 | D:4      | Noticed Edmund
  2764 | D:4      | Killed Kagorn's ghost
  2764 | D:4      | Reached skill level 5 in Axes
  2793 | D:4      | Killed Edmund
  2793 | D:4      | Reached XP level 8. HP: 48/49 MP: 8/8
  3028 | D:5      | Entered Level 5 of the Dungeon
  3129 | D:5      | Found a staircase to the Ecumenical Temple.
  3175 | Temple   | Entered the Ecumenical Temple
  3259 | Temple   | Became a worshipper of the Shining One
  3371 | D:5      | Noticed a two-headed ogre
  3387 | D:5      | HP: 13/51 [two-headed ogre/giant spiked club (18)]
  3497 | D:5      | Found a stormy altar of Qazlal.
  3582 | D:5      | Reached skill level 1 in Invocations
  3707 | D:5      | Found a snail-covered altar of Cheibriados.
  3767 | D:5      | Reached skill level 6 in Axes
  4100 | D:5      | HP: 21/51 [two-headed ogre/giant spiked club (10)]
  4139 | D:5      | Killed a two-headed ogre
  4139 | D:5      | Reached XP level 9. HP: 40/56 MP: 9/11
  4319 | D:6      | Found a blossoming altar of Fedhas.
  4370 | D:6      | Reached * piety under the Shining One
  4535 | D:6      | Noticed Grinder
  4552 | D:6      | Paralysed by Grinder for 3 turns
  4555 | D:6      | Killed Grinder
  4555 | D:6      | Reached skill level 7 in Axes
  5264 | D:7      | Found a shimmering altar of Xom.
  5270 | D:7      | Found a shimmering altar of Xom.
  5270 | D:7      | Found a shimmering altar of Xom.
  5276 | D:7      | Found a shimmering altar of Xom.
  5469 | D:7      | Reached XP level 10. HP: 63/63 MP: 13/13
  5574 | D:7      | Found a burning altar of Makhleb.
  5581 | D:7      | Found a basalt altar of Yredelemnul.
  5679 | D:7      | Noticed a dagger
  5679 | D:7      | Reached ** piety under the Shining One
  5679 | D:7      | Noticed a dagger
  5682 | D:7      | Found a hide-covered altar of Uskayaw.
  5694 | D:7      | Reached skill level 8 in Axes
  6129 | D:8      | Noticed a two-headed ogre
  6129 | D:8      | Noticed Kagorn's ghost (novice TrMo)
  6146 | D:7      | Killed a two-headed ogre
  6184 | D:8      | Killed Kagorn's ghost
  6240 | D:8      | Reached skill level 5 in Invocations
  6289 | D:8      | Noticed a two-headed ogre
  6301 | D:7      | HP: 24/64 [two-headed ogre/giant spiked club (9)]
  6305 | D:7      | Killed a two-headed ogre
  6372 | D:8      | Found a staircase to the Lair.
  6377 | D:8      | Reached skill level 9 in Axes
  6390 | D:8      | HP: 32/64 [orc warrior/halberd (10)]
  6602 | D:8      | Noticed a two-headed ogre
  6612 | D:8      | HP: 26/64 [two-headed ogre/dire flail of protection (12)]
  6620 | D:8      | Killed a two-headed ogre
  6620 | D:8      | Reached XP level 11. HP: 34/69 MP: 15/15
  6711 | D:8      | Found a sparkling altar of Nemelex Xobeh.
  6711 | D:8      | Noticed a brown ugly thing
  6743 | D:8      | Killed a brown ugly thing
  6951 | D:9      | Noticed Maurice
  7007 | D:8      | Killed Maurice
  7276 | D:9      | Found a glowing silver altar of Zin.
  7674 | D:9      | Reached *** piety under the Shining One
  7743 | D:10     | Entered Level 10 of the Dungeon
  7781 | D:10     | Noticed a two-headed ogre
  7792 | D:10     | Killed a two-headed ogre
  7812 | D:10     | Noticed Joseph
  7829 | D:10     | Killed Joseph
  7829 | D:10     | Reached skill level 10 in Axes
  8068 | D:10     | Noticed a two-headed ogre
  8081 | D:10     | Killed a two-headed ogre
  8276 | D:11     | Noticed an eight-headed hydra
  8339 | D:11     | Got a fine great sword
  8630 | D:11     | Noticed masayah's ghost (journeyman MiFi)
  8681 | D:11     | Killed masayah's ghost
  8681 | D:11     | Reached skill level 1 in Dodging
  8732 | D:11     | Reached XP level 12. HP: 69/76 MP: 17/17
  8936 | D:11     | HP: 38/76 [nine-headed hydra (9)]
  8941 | D:11     | HP: 15/76 [nine-headed hydra (5)]
  8945 | D:11     | Killed a nine-headed hydra
  8948 | D:11     | HP: 10/76 [shadow imp/nerve-wracking pain (1)]
  9419 | D:12     | Noticed nicolaieve's ghost (journeyman MiBe)
  9476 | D:12     | Got a pitted hand axe
  9490 | D:11     | Gained mutation: Your magical capacity is low. (-10% MP) [a neqoxec]
  9525 | D:11     | Identified the +6 hand axe of Veumm {pain, Str+6} (You found it on level 12 of the Dungeon)
  9529 | D:12     | HP: 38/77 [nicolaieve's ghost (4)]
  9703 | D:12     | Reached **** piety under the Shining One
  9728 | D:12     | HP: 33/77 [nicolaieve's ghost (26)]
  9734 | D:11     | HP: 3/77 [large slime creature (28)]
  9751 | D:11     | HP: 11/77 [slime creature (3)]
  9876 | D:12     | Reached skill level 11 in Axes
 10340 | D:12     | Found a staircase to the Orcish Mines.
 10383 | D:12     | Reached skill level 10 in Fighting
 10836 | D:12     | Reached skill level 10 in Shields
 10897 | D:12     | Got a twisted helmet
 10944 | D:13     | Identified the +0 helmet of Mash {+Fly rElec rPois Dex-5} (You found it on level 12 of the Dungeon)
 11011 | D:13     | Reached skill level 10 in Armour
 11111 | D:13     | Noticed Rupert
 11127 | D:13     | HP: 33/77 [yak (9)]
 11227 | D:13     | Reached XP level 13. HP: 71/82 MP: 17/17
 11298 | D:13     | HP: 41/82 [seven-headed hydra (7)]
 11318 | D:13     | Found a labyrinth entrance.
 11326 | Lab      | Entered a labyrinth
 11748 | Lab      | Noticed a minotaur
 11829 | Lab      | Killed a minotaur
 11852 | Lab      | Identified Iczon's Disquisition on the Congealing Entourage
 11854 | Lab      | Identified the Handbook of Stones
 11928 | D:13     | HP: 37/83 [Rupert/great mace of protection (10)]
 11940 | D:13     | Killed Rupert
 12094 | D:13     | Reached skill level 12 in Axes
 12185 | D:13     | Noticed Sonja
 12198 | D:13     | Killed Sonja
 12863 | D:14     | Noticed a vault guard
 12863 | D:14     | Noticed a vault guard
 12863 | D:14     | Noticed a vault guard
 12864 | D:14     | Noticed a vault guard
 12864 | D:14     | Found a gate to the Vaults.
 12864 | D:14     | Noticed a vault guard
 12864 | D:14     | Noticed a vault guard
 12865 | D:14     | Noticed a vault guard
 12865 | D:14     | Reached ***** piety under the Shining One
 12865 | D:14     | Noticed a vault guard
 12951 | D:13     | Killed a vault guard
 12959 | D:13     | Killed a vault guard
 13031 | D:13     | Killed a vault guard
 13044 | D:13     | HP: 42/84 [vault guard/halberd (15)]
 13050 | D:13     | Killed a vault guard
 13134 | D:13     | Killed a vault guard
 13140 | D:13     | Killed a vault guard
 13208 | D:13     | Killed a vault guard
 13215 | D:13     | Killed a vault guard
 13667 | D:14     | Noticed Josephine
 13682 | D:14     | Killed Josephine
 13683 | D:14     | Gained mutation: Your large and strong wings let you fly indefinitely. [Gargoyle growth]
 13683 | D:14     | Reached XP level 14. HP: 83/90 MP: 19/19
 13838 | D:14     | HP: 42/90 [red ugly thing (14)]
 13839 | D:14     | HP: 19/90 [red ugly thing (22)]
 13853 | D:14     | HP: 20/90 [purple ugly thing (8)]
 13996 | D:15     | Entered Level 15 of the Dungeon
 14047 | D:15     | Found a shadowy altar of Dithmenos.
 14092 | D:15     | HP: 40/90 [manticore/volley of spikes (8)]
 14264 | D:15     | Found Gila's Antique Armour Shoppe.
 14394 | D:14     | Reached skill level 10 in Invocations
 14498 | D:14     | Reached skill level 13 in Axes
 15141 | D:15     | Bought a pair of boots for 103 gold pieces
 15265 | D:15     | Found a staircase to the Depths.
 15319 | D:15     | Noticed Roxanne
 15583 | Depths:1 | Entered Level 1 of the Depths
 15583 | Depths:1 | Reached ****** piety under the Shining One
 15623 | D:15     | HP: 43/91 [ettin/dire flail (32)]
 15643 | D:15     | HP: 34/91 [ettin/dire flail (11)]
 15647 | D:15     | HP: 10/91 [ettin/dire flail (12)]
 15650 | D:15     | HP: 1/91 [ettin/dire flail (11)]
 15650 | D:15     | Annihilated by an ettin

Skill      XL: |  1  2  3  4  5  6  7  8  9 10 11 12 13 14 |
---------------+-------------------------------------------+-----
Axes           | 2 3 4 5 6 7 9 10 11 12 13 | 13.4
Armour         | 4 5 6 7 8 9 10 11 | 11.7
Shields        | 4 5 6 7 8 9 10 11 | 11.7
Fighting       | 4 5 6 7 8 9 10 11 | 11.8
Invocations    | 2 4 5 7 8 9 10 | 10.4
Dodging        | 1 2 |  2.8

Action                   |  1- 3 |  4- 6 |  7- 9 | 10-12 | 13-15 || total
-------------------------+-------+-------+-------+-------+-------++-------
Melee: War axe           |   144 |   228 |   396 |   802 |   846 ||  2416
       Flail             |       |       |       |     9 |    51 ||    60
Throw: Throwing net      |       |       |       |     3 |     1 ||     4
Invok: Divine Shield     |       |       |       |       |     3 ||     3
 Abil: Fly               |       |       |       |       |     1 ||     1
Evoke: Wand              |       |       |       |     5 |     4 ||     9
  Use: Scroll            |     2 |     8 |    10 |    13 |     2 ||    35
       Potion            |       |       |       |       |     2 ||     2
  Eat: Chunk             |     2 |     4 |    10 |    20 |     9 ||    45
       Ration            |       |       |     1 |       |     2 ||     3
Armor: Scale mail        |    11 |       |       |       |       ||    11
       Chain mail        |    83 |   198 |   245 |   576 |   630 ||  1732
Dodge: Dodged            |    36 |    82 |    89 |   137 |   177 ||   521
Block: Shield            |    89 |   175 |   112 |       |       ||   376
       Large shield      |       |       |   172 |   812 |   911 ||  1895

Vault maps used:
D:1:      scummos_arrival_gate, okawaru_ov_weapons_minmay
D:2:      overflow_temple_1_default, grunt_temple_overflow_open
D:3:      gup_sewer_entry_pipe, first_ration
D:4:      minivault_19, uniq_blork_the_orc, uniq_edmund
D:5:      nicolae_qazlal_eye_of_the_storm, slow_altar_1,
          minmay_temple_entry_glass
D:6:      fedhas_altar_2, uniq_grinder
D:7:      xom_redecorated, dancing_weapons_uskayaw,
          amethyst_overflow_temple_binary
D:8:      lemuel_round_altar, dpeg_oklobed_lair
D:9:      old_standard_altar, uniq_maurice
D:10:     uniq_joseph
D:11:     uniq_josephine
D:12:     kennysheep_orc_monster_closet_entryway, hangedman_little_slice_of_home
D:13:     lab_entry_generic, serial_curves, eino_curves_01, eino_curves_01,
          kennysheep_generic_room_15, uniq_sonja, uniq_rupert
D:14:     erik_vaults_2, fountainhead
D:15:     gammafunk_depths_entry_grave, serial_shops, shop_statue, special_room,
          nicolae_dithmenos_the_darkroom, spider_trap, roderic_lattice_a,
          uniq_roxanne
Temple:   eino_temple_lava
Depths:1: abyss_entry_crystal, serial_bayou_pond_e, pf_hell_entry_great_geh,
          kennysheep_generic_room_3, kennysheep_cross_landing
Lab:      nicolae_lab_dead_adventurers, nicolae_lab_grate_2, labyrinth_lava_lair
Sewer:    sewer_the_crocodile
